 Dungeon Crawl Stone Soup version 0.22.1-1-ga44c0e5 (webtiles) character file.

100993 ultracola the Ripper (level 15, 70/70 HPs)
             Began as a Felid Enchanter on Aug 30, 2018.
             Was a High Priest of Vehumet.
             Quit the game on level 1 of the Elven Halls on Sept 25, 2018.
             The game lasted 02:12:48 (44020 turns).

ultracola the Ripper (Felid Enchanter)             Turns: 44020, Time: 02:12:49

Health: 70/70      AC:  6    Str:  6    XL:     15   Next: 82%
Magic:  28/28      EV: 29    Int: 22    God:    Vehumet [*****.]
Gold:   1626       SH:  8    Dex: 18    Spells: 4/30 levels left
                                        Lives:  2   Deaths: 0

rFire    . . .     SeeInvis +     - Unarmed
rCold    + + .     Gourm    .   (shield unavailable)
rNeg     . . .     Faith    .   (armour unavailable)
rPois    .         Spirit   .   (helmet unavailable)
rElec    .         Reflect  +   (cloak unavailable)
rCorr    .         Harm     .   (gloves unavailable)
MR       ++...     Clarity  +   (boots unavailable)
Stlth    +++++++...             H - brooch of Shielding {Reflect SH+8}
HPRegen  0.21/turn              y - ring of stealth
MPRegen  0.21/turn              D - +3 ring of protection

@: very slightly contaminated, quick
A: very small, no armour, no weapons or thrown items, stealth, claws 1, fangs 3,
see invisible, carnivore, clarity, cold resistance 1, speed 1, shaggy fur 3,
slow metabolism 1, strong 1, no potion heal 1, sharp paws
a: Renounce Religion


You were on level 1 of the Elven Halls.
You worshipped Vehumet.
Vehumet was extremely pleased with you.
You were completely stuffed.

You visited 5 branches of the dungeon, and saw 25 of its levels.
You also visited: Ossuary.

You collected 2512 gold pieces.
You spent 886 gold pieces at shops.

Inventory:

Jewellery
 e - a +3 ring of strength
 g - an uncursed ring of positive energy
 y - a ring of stealth (left paw)
 D - a +3 ring of protection (right paw)
 H - the brooch of Shielding (around neck) {Reflect SH+8}
   (You found it on level 10 of the Dungeon)

   [amulet of reflection]

   It shields you and reflects attacks.
   It affects your SH (+8).
 M - an uncursed ring of flight
 V - an uncursed ring of fire
 W - an uncursed ring of ice
Wands
 c - a wand of clouds (4)
 p - a wand of enslavement (8)
 B - a wand of flame (68)
 G - a wand of digging (17)
 J - a wand of random effects (20)
 L - a wand of iceblast (15)
 P - a wand of acid (6)
 S - a wand of disintegration (13)
Scrolls
 a - 4 scrolls of amnesia
 i - a scroll of magic mapping
 j - 13 scrolls of teleportation
 k - 3 scrolls of immolation
 l - 12 scrolls of remove curse
 q - 8 scrolls of fog
 r - 2 scrolls of vulnerability
 t - 2 scrolls of blinking
 v - a scroll of silence {unknown}
 x - 5 scrolls of fear
 I - 2 scrolls of noise {unknown}
 K - a scroll of holy word {unknown}
 R - a scroll of summoning {unknown}
 U - a scroll of torment {unknown}
Potions
 d - 4 potions of haste
 f - 5 potions of heal wounds
 h - 3 potions of flight
 m - 5 potions of lignification
 n - 4 potions of invisibility
 o - 4 potions of berserk rage
 s - 5 potions of brilliance
 u - 2 potions of might
 z - 6 potions of curing
 A - 3 potions of ambrosia
 C - 2 potions of agility
 F - a potion of mutation
 N - 2 potions of magic
 O - a potion of cancellation {unknown}
 Q - 2 potions of resistance
Miscellaneous
 E - a fan of gales
 T - a box of beasts
 X - a phial of floods (inert)
Comestibles
 b - 56 rations
 w - 2 chunks of flesh


   Skills:
 - Level 10.7 Fighting
 + Level 12.7 Dodging
 - Level 12.0 Stealth
 - Level 16.1 Unarmed Combat
 - Level 8.2 Spellcasting
 + Level 5.0 Conjurations
 - Level 15.0 Hexes
 - Level 4.0 Translocations
 - Level 5.0 Ice Magic
 - Level 2.3 Air Magic
 - Level 2.2 Poison Magic
 - Level 4.0 Evocations


You had 4 spell levels left.
You knew the following spells:

 Your Spells              Type           Power        Failure   Level  Hunger
a - Corona                Hex            ######.      0%          1    None
b - Ensorcelled Hibernat  Hex/Ice        ######       1%          2    None
c - Confuse               Hex            ######..     1%          3    None
d - Dazzling Spray        Conj/Hex       ######       1%          3    None
e - Mephitic Cloud        Conj/Pois/Air  ###.....     1%          3    None
f - Blink                 Tloc           N/A          1%          2    None
g - Invisibility          Hex            ######..     2%          6    ######.
h - Bolt of Cold          Conj/Ice       ####......   32%         6    ######.

Your spell library contained the following spells:

 Spells                   Type           Power        Failure   Level  Hunger
 Confusing Touch          Hex            ######       0%          1    None
 Apportation              Tloc           ####..       1%          1    None
 Magic Dart               Conj           ####         1%          1    None
 Sting                    Conj/Pois      ####         1%          1    None
 Slow                     Hex            ######..     1%          2    None
 Inner Flame              Hex/Fire       #####...     1%          3    None
 Tukima's Dance           Hex            ######..     1%          3    None
 Cause Fear               Hex            ######....   1%          4    ###....
 Conjure Flame            Conj/Fire      ###.....     2%          3    None
 Leda's Liquefaction      Hex/Erth       #####.....   3%          4    ###....
 Poisonous Vapours        Pois/Air       ###...       4%          2    None
 Gell's Gravitas          Tloc           ####......   4%          3    None
 Swiftness                Chrm/Air       ##......     7%          2    None
 Animate Skeleton         Necr           N/A          8%          1    None
 Beastly Appendage        Tmut           #.....       8%          1    None
 Summon Small Mammal      Summ           #...         8%          1    None
 Olgreb's Toxic Radiance  Pois           ###.....     8%          4    ###....
 Call Imp                 Summ           #.......     11%         2    None
 Passwall                 Tmut/Erth      #.......     11%         2    None
 Sticks to Snakes         Tmut           #.......     11%         2    None
 Spider Form              Tmut/Pois      ##........   14%         3    None
 Passage of Golubria      Tloc           N/A          14%         4    ###....
 Ice Form                 Ice/Tmut       ###.....     26%         4    ###....
 Petrify                  Tmut/Erth      #.......     58%         4    ###....
 Yara's Violent Unravell  Hex/Tmut       #####.....   2%          5    #####..
 Darkness                 Hex            ######....   2%          6    ######.
 Metabolic Englaciation   Hex/Ice        ######....   3%          5    #####..
 Venom Bolt               Conj/Pois      ####......   12%         5    #####..
 Iskenderun's Battlesphe  Conj/Chrm      ###.....     17%         5    #####..
 Bolt of Magma            Conj/Fire/Erth ###.......   26%         5    #####..
 Lee's Rapid Deconstruct  Erth           #.........   45%         5    #####..
 Iron Shot                Conj/Erth      ###.......   65%         6    ######.
 Orb of Destruction       Conj           ####......   86%         7    #######
 Blade Hands              Tmut           #.........   90%         5    #####..
 Spellforged Servitor     Conj/Summ      ###.......   99%         7    #######
 Portal Projectile        Hex/Tloc       Unusable     N/A         3    N/A

Dungeon Overview and Level Annotations

Branches:
Dungeon (15/15)            Temple (1/1) D:6            Lair (6/6) D:11
 Shoals (0/4) Lair:3        Snake (0/4) Lair:4        Slime (0/5) Lair:5
    Orc (2/2) D:12            Elf (1/3) Orc:2        Vaults (0/5) D:13
 Depths: D:15

Altars:
Ashenzari
Cheibriados
Dithmenos
Elyvilon
Fedhas
Gozag
Kikubaaqudgha
Nemelex Xobeh
Okawaru
Qazlal
Ru
Trog
Uskayaw
Vehumet
Wu Jian
Xom
Yredelemnul
Zin
The Shining One
Jiyva

Shops:
D:3 *   D:7 !   Orc:2 *[*}   Elf:1 [(

Portals:
Pandemonium: Orc:2

Annotations:
D:5 exclusion: downstairs
D:7 exclusion: downstairs
D:9 exclusion: downstairs
D:11 exclusion: downstairs
D:12 Frances
Lair:5 Rupert


Innate Abilities, Weirdness & Mutations

You cannot wear armour.
You are incapable of wielding weapons or throwing items.
Your paws allow you to move quietly. (Stealth)
You have sharp claws.
You have razor-sharp teeth.
You have supernaturally acute eyesight. (SInv)
You are carnivorous and can eat meat at any time.
You cover ground quickly.
Your thick and shaggy fur keeps you warm. (AC +3, rC+)
You have a slow metabolism.
Your sharp claws are effective at attacking unaware monsters.
You possess an exceptional clarity of mind.
Your flesh is cold resistant. (rC+)
Your muscles are strong. (Str +2)
Potions are less effective at restoring your health.


Message History

Okay, then.
Unknown command.
Casting: Invisibility (safe; 2% risk of failure)
Confirm with . or Enter, or press ? or * to list all spells.
Okay, then.
There is an open door here.
You open the door.
There is an open door here.
A deep elf archer comes into view. It is wielding a short sword.
The deep elf archer shouts!
The deep elf archer unwields an uncursed short sword.
The deep elf archer wields an uncursed shortbow.
The deep elf archer shoots an arrow.
You reflect the arrow off an invisible shield around you!
The arrow barely misses the deep elf archer.
Found an arrow.
Found Qysaxta's Weapon Boutique and Voruse's Antique Armour Shop.
There is an open door here.
There is an open door here.
Are you sure you want to abandon this character and quit the game? (Confirm

.>.♣####.## #.# #.#
...# ##.## #.# #.#
#### ##.## #.# #.#
##.###.# #.# #e
##.##.# #e #..
##'#'## #..# ##(..##
#.... #.....########
#....∩
#...@.'....'.##......
#.....######.#.......
##)...'## #...#....
##.###'#.##
#.#....... ##.##
#.##.## ####......
##.## #.###.## #....∩
##.## #.# ##.## #....
##.## #.# ##.## #..#
##.## #.# ##.##
####..


There were no monsters in sight!

Vanquished Creatures
  Gastronok (D:8)
  2 entropy weavers (Lair:6)
  Nessos (D:14)
  7 vault guards (D:13)
  A rakshasa (D:14)
  A catoblepas (Lair:6)
  5 hydras
  2 centaur warriors
  An ogre mage (D:15)
  A dancing weapon (Elf:1)
  A queen ant (Lair:6)
  4 orc high priests (Orc:2)
  7 two-headed ogres
  A sun demon (Orc:2)
  A skeletal warrior (D:13)
  A deep elf knight (Elf:1)
  2 gelid demonspawn (Orc:2)
  5 orc knights (Orc:2)
  Pikel (D:6)
  A phantasmal warrior (D:13)
  An oklob plant (Lair:5)
  7 deep elf magi
  19 ugly things (D:14)
  5 orc sorcerers (Orc:2)
  4 cyclopes
  4 elephants (Lair:5)
  2 manticores (D:12)
  Maurice (D:8)
  Joseph (Lair:1)
  2 molten gargoyles (D:12)
  2 black mambas
  A gargoyle (D:11)
  A spriggan zombie (D:15)
  7 spiny frogs
  6 rime drakes
  5 komodo dragons
  A yaktaur (D:15)
  An efreet (D:14)
  3 ice devils
  A freezing wraith (D:13)
  2 red devils (Orc:2)
  4 polar bears (Lair:6)
  7 trolls
  3 meliai (Lair:4)
  5 hornets (Lair:6)
  7 blink frogs
  12 dream sheep
  15 slime creatures
  A snapping turtle (Lair:3)
  12 hippogriffs
  A shadow (D:12)
  14 spriggans
  3 air elementals (Elf:1)
  A vampire (D:14)
  A wraith (D:11)
  Grum (D:8)
  14 wyverns
  6 basilisks
  A fire elemental (Elf:1)
  28 yaks
  2 chaos spawn (Orc:2)
  8 vampire mosquitoes
  3 hungry ghosts
  A steam dragon (D:11)
  Menkaure (D:7)
  2 wargs
  4 nagas (Lair:4)
  An acid dragon (D:15)
  11 soldier ants
  6 water moccasins
  A hell hound (Lair:6)
  8 porcupines
  5 ice beasts
  4 slaves
  3 sky beasts
  5 black bears
  28 orc warriors
  2 phantoms
  An eye of draining (D:11)
  11 ogres
  4 boggarts (Lair:6)
  30 wolves
  9 centaurs
  4 crocodiles
  A big kobold (D:9)
  24 bullfrogs
  A gnoll sergeant (D:10)
  A water moccasin zombie (D:9)
  6 scorpions
  A water moccasin skeleton (D:10)
  39 killer bees
  A troll zombie (Ossuary)
  2 vampire bats (D:9)
  22 wights
  2 electric eels (Lair:3)
  A howler monkey (D:5)
  A crimson imp (D:9)
  A bullfrog zombie (D:10)
  5 lava snakes (D:12)
  2 quasits
  8 hounds
  A human zombie (Ossuary)
  9 orc wizards
  Crazy Yiuf (D:7)
  A bullfrog skeleton (D:10)
  22 orc priests
  5 centaur zombies
  A gnoll shaman (D:8)
  3 jellies
  2 centaur skeletons
  5 iguanas
  32 worker ants
  An ogre zombie (Ossuary)
  A hound zombie (D:6)
  A hound skeleton (D:8)
  7 mummies (Ossuary)
  8 gnolls
  3 worker ant zombies
  20 adders
  A howler monkey skeleton (D:11)
  6 shadow imps
  2 oozes (D:1)
  3 adder skeletons
  3 adder zombies (Ossuary)
  2 worms
  3 dart slugs
  5 leopard geckos
  73 orcs
  3 ball pythons (D:3)
  11 bats
  2 bat skeletons (D:9)
  4 bat zombies (D:9)
  7 giant cockroaches
  6 goblins
  7 hobgoblins
  8 jackals
  14 kobolds
  5 quokkas
  4 frilled lizards
  3 goblin zombies (Ossuary)
  5 hobgoblin zombies (Ossuary)
  4 kobold zombies (Ossuary)
  A leopard gecko skeleton (D:4)
  A leopard gecko zombie (D:6)
  5 quokka zombies (Ossuary)
  26 rats
  4 rat zombies (Ossuary)
  A butterfly (Lair:3)
872 creatures vanquished.

Vanquished Creatures (collateral kills)
  A deep elf high priest (Elf:1)
  A queen bee (Lair:4)
  A killer bee (Lair:4)
3 creatures vanquished.

Vanquished Creatures (others)
  A deep elf mage (Elf:1)
  6 bushes
  21 fungi
  43 plants
  2 withered plants (D:15)
73 creatures vanquished.

Grand Total: 948 creatures vanquished

Notes
Turn   | Place    | Note
-------+----------+-------------------------------------------
     0 | D:1      | ultracola the Felid Enchanter began the quest for the Orb.
     0 | D:1      | Reached XP level 1. HP: 7/7 MP: 4/4
   472 | D:1      | Reached XP level 2. HP: 11/11 MP: 6/6
   476 | D:1      | Learned a level 2 spell: Ensorcelled Hibernation
   774 | D:1      | Reached skill level 2 in Unarmed Combat
   881 | D:1      | Reached skill level 5 in Stealth
   918 | D:1      | Reached XP level 3. HP: 14/14 MP: 7/7
  2348 | D:2      | Reached XP level 4. HP: 18/18 MP: 8/8
  2372 | D:2      | Found a basalt altar of Yredelemnul.
  2477 | D:2      | Learned a level 3 spell: Confuse
  2574 | D:3      | Found an opulent altar of Gozag.
  2576 | D:3      | Found Gozag's Platinum Reserve.
  2832 | D:3      | Reached skill level 3 in Unarmed Combat
  2964 | D:3      | Found a blossoming altar of Fedhas.
  3216 | D:3      | Reached XP level 5. HP: 21/21 MP: 5/9
  3859 | D:4      | Noticed an ogre
  4011 | D:4      | Reached skill level 5 in Hexes
  4035 | D:4      | Found a sand-covered staircase.
  4065 | Ossuary  | Entered an ossuary
  4370 | Ossuary  | Reached skill level 4 in Unarmed Combat
  4583 | Ossuary  | Gained mutation: You are covered in thick fur. (AC +2)
                  | [Felid growth]
  4583 | Ossuary  | Reached XP level 6. HP: 24/24 MP: 3/10
  5203 | Ossuary  | Reached skill level 5 in Unarmed Combat
  5883 | D:4      | Reached XP level 7. HP: 18/27 MP: 11/11
  6100 | D:4      | Reached skill level 1 in Ice Magic
  7353 | D:5      | Entered Level 5 of the Dungeon
  7518 | D:5      | Reached skill level 6 in Unarmed Combat
  8389 | D:5      | Reached XP level 8. HP: 31/31 MP: 3/12
  8740 | D:5      | Found a sparkling altar of Nemelex Xobeh.
  9245 | D:6      | Learned a level 3 spell: Dazzling Spray
  9267 | D:6      | Noticed Pikel
  9417 | D:6      | Found a staircase to the Ecumenical Temple.
  9422 | Temple   | Entered the Ecumenical Temple
  9484 | Temple   | Became a worshipper of Vehumet
  9532 | D:6      | Reached skill level 7 in Unarmed Combat
  9751 | D:6      | Reached skill level 5 in Dodging
  9874 | D:6      | Killed Pikel
  9874 | D:6      | Reached XP level 9. HP: 34/34 MP: 3/13
  9950 | D:6      | Learned a level 3 spell: Mephitic Cloud
 10142 | D:7      | Found Orocuibla's Distillery.
 10200 | D:7      | Bought 2 potions of degeneration for 24 gold pieces
 10209 | D:7      | Found a glowing golden altar of the Shining One.
 10249 | D:7      | Noticed Menkaure
 10263 | D:7      | Killed Menkaure
 10263 | D:7      | Reached skill level 10 in Hexes
 10299 | D:7      | Found a runed door.
 10790 | D:7      | Noticed Crazy Yiuf
 10794 | D:7      | Killed Crazy Yiuf
 11117 | D:8      | Noticed Maurice
 11126 | D:8      | Killed Maurice
 11126 | D:8      | Reached skill level 8 in Unarmed Combat
 11126 | D:8      | Reached skill level 1 in Conjurations
 11126 | D:8      | Reached skill level 1 in Air Magic
 11126 | D:8      | Reached skill level 1 in Poison Magic
 11362 | D:8      | Noticed Gastronok
 11731 | D:8      | Noticed Grum
 11932 | D:8      | Found a stormy altar of Qazlal.
 12123 | D:8      | Reached * piety under Vehumet
 12123 | D:8      | Offered knowledge of Shock by Vehumet.
 12514 | D:8      | Killed Grum
 12698 | D:8      | Found an ornate altar of the Wu Jian Council.
 13480 | D:8      | Killed Gastronok
 13480 | D:8      | Reached XP level 10. HP: 24/37 MP: 13/16
 13586 | D:8      | Learned a level 2 spell: Blink
 13791 | D:9      | Reached skill level 9 in Unarmed Combat
 14521 | D:9      | Reached ** piety under Vehumet
 14546 | D:9      | Offered knowledge of Sandblast by Vehumet.
 14598 | D:9      | Reached skill level 10 in Stealth
 14910 | D:9      | Found a white marble altar of Elyvilon.
 15085 | D:9      | Found an ancient bone altar of Kikubaaqudgha.
 15094 | D:9      | Reached skill level 1 in Fighting
 15233 | D:7      | Bought a potion of curing for 36 gold pieces
 15233 | D:7      | Bought a potion of agility for 48 gold pieces
 15233 | D:7      | Bought a potion of mutation for 96 gold pieces
 15326 | D:10     | Entered Level 10 of the Dungeon
 15613 | D:10     | Noticed a two-headed ogre
 15619 | D:10     | Killed a two-headed ogre
 15619 | D:10     | Reached XP level 11. HP: 43/43 MP: 18/18
 15786 | D:10     | Found the brooch of Shielding {Reflect SH+8}
 15813 | D:10     | Offered knowledge of Throw Frost by Vehumet.
 16015 | D:10     | Noticed a two-headed ogre
 16052 | D:10     | Killed a two-headed ogre
 16052 | D:10     | Reached skill level 10 in Unarmed Combat
 16234 | D:10     | Reached *** piety under Vehumet
 16950 | D:11     | Offered knowledge of Airstrike by Vehumet.
 17551 | D:11     | Found a staircase to the Lair.
 17624 | D:11     | Noticed a two-headed ogre
 17639 | D:11     | Killed a two-headed ogre
 17639 | D:11     | Reached skill level 10 in Dodging
 17639 | D:11     | Reached skill level 11 in Unarmed Combat
 17928 | Lair:1   | Entered Level 1 of the Lair of Beasts
 18158 | Lair:1   | Noticed Joseph
 18167 | Lair:1   | Killed Joseph
 18167 | Lair:1   | Reached **** piety under Vehumet
 18167 | Lair:1   | Reached skill level 1 in Evocations
 18822 | Lair:2   | Gained mutation: Your thick and shaggy fur keeps you warm.
                  | (AC +3, rC+) [Felid growth]
 18822 | Lair:2   | Reached XP level 12. HP: 47/49 MP: 12/19
 18825 | Lair:2   | Offered knowledge of Bolt of Draining by Vehumet.
 20056 | Lair:3   | Reached skill level 5 in Ice Magic
 20058 | Lair:3   | Reached skill level 12 in Unarmed Combat
 20392 | Lair:3   | Found a staircase to the Shoals.
 20980 | Lair:4   | Found a staircase to the Snake Pit.
 21117 | Lair:4   | Reached skill level 5 in Fighting
 21252 | Lair:4   | Reached ***** piety under Vehumet
 21317 | Lair:4   | Offered knowledge of Lightning Bolt by Vehumet.
 23432 | Lair:5   | Found a viscous altar of Jiyva.
 23433 | Lair:5   | Found a staircase to the Slime Pits.
 23704 | Lair:5   | Reached XP level 13. HP: 55/55 MP: 20/20
 23719 | Lair:5   | Noticed Rupert
 24123 | Lair:5   | Reached skill level 13 in Unarmed Combat
 24123 | Lair:5   | Reached skill level 15 in Hexes
 24626 | Lair:6   | Entered Level 6 of the Lair of Beasts
 25107 | Lair:6   | Found a frozen archway.
 25332 | Lair:6   | Reached skill level 5 in Spellcasting
 26218 | Lair:6   | Noticed an entropy weaver
 26403 | Lair:6   | Noticed an entropy weaver
 26849 | Lair:6   | Killed an entropy weaver
 26849 | Lair:6   | Reached skill level 14 in Unarmed Combat
 29003 | Lair:6   | Reached XP level 14. HP: 60/60 MP: 21/24
 29011 | Lair:6   | Offered knowledge of Fireball by Vehumet.
 29101 | Lair:6   | Learned a level 6 spell: Invisibility
 29603 | Lair:6   | Killed an entropy weaver
 30778 | D:12     | Noticed Frances
 30864 | D:12     | Reached skill level 1 in Translocations
 31870 | D:12     | Found a staircase to the Orcish Mines.
 32527 | D:13     | Offered knowledge of Bolt of Fire by Vehumet.
 33842 | D:13     | Found a gate to the Vaults.
 34631 | D:14     | Noticed Nessos
 34638 | D:14     | Killed Nessos
 35093 | D:14     | Reached skill level 15 in Unarmed Combat
 35100 | D:14     | Reached XP level 15. HP: 58/66 MP: 22/28
 35181 | D:14     | Found an ornate altar of the Wu Jian Council.
 36571 | D:15     | Entered Level 15 of the Dungeon
 36694 | D:15     | Offered knowledge of Irradiate by Vehumet.
 37279 | Orc:1    | Entered Level 1 of the Orcish Mines
 37385 | Orc:2    | Entered Level 2 of the Orcish Mines
 38492 | Orc:2    | Found a staircase to the Elven Halls.
 38742 | Orc:2    | Offered knowledge of Ozocubu's Refrigeration by Vehumet.
 38750 | Orc:2    | Reached skill level 10 in Fighting
 39272 | Orc:2    | Found Qacab's General Store.
 39274 | Orc:2    | Found Muawaduh's General Store.
 39786 | Orc:2    | Bought a potion of brilliance for 72 gold pieces
 39786 | Orc:2    | Bought a potion of heal wounds for 90 gold pieces
 40364 | Orc:2    | Found Neockol's Antique Armour Boutique.
 40364 | Orc:2    | Found Qeilux's Gadget Shop.
 40364 | Orc:2    | Found a one-way gate leading to the halls of Pandemonium.
 40371 | Orc:2    | Bought a phial of floods for 520 gold pieces
 40381 | Orc:2    | Reached skill level 16 in Unarmed Combat
 42333 | Orc:2    | Upgraded the game from 0.22.0-38-g04b72b8 to
                  | 0.22.0-49-gab54619
 42333 | Orc:2    | Upgraded the game from 0.22.0-49-gab54619 to
                  | 0.22.1-1-ga44c0e5
 42668 | Orc:2    | Offered knowledge of Bolt of Cold by Vehumet.
 42685 | Orc:2    | Learned a level 6 spell: Bolt of Cold
 42740 | Elf:1    | Entered Level 1 of the Elven Halls
 43972 | Elf:1    | Reached skill level 5 in Conjurations
 44000 | Elf:1    | Gained mutation: Potions are less effective at restoring
                  | your health. [potion of mutation]
 44000 | Elf:1    | Gained mutation: Your flesh is cold resistant. (rC+)
                  | [potion of mutation]
 44000 | Elf:1    | Gained mutation: Your muscles are strong. (Str +2) [potion
                  | of mutation]
 44000 | Elf:1    | Gained mutation: You possess an exceptional clarity of
                  | mind. [potion of mutation]
 44010 | Elf:1    | Found Qysaxta's Weapon Boutique.
 44010 | Elf:1    | Found Voruse's Antique Armour Shop.
 44020 | Elf:1    | Quit the game

Skill      XL: |  1  2  3  4  5  6  7  8  9 10 11 12 13 14 15 |
---------------+----------------------------------------------+-----
Unarmed Combat | 2 3 4 5 6 7 8 9 11 12 14 15 16 | 16.1
Stealth        | 5 6 8 10 12 | 12.0
Hexes          | 5 7 9 11 12 14 15 | 15.0
Ice Magic      | 3 4 5 |  5.0
Dodging        | 3 6 7 10 12 | 12.7
Conjurations   | 2 4 5 |  5.0
Air Magic      | 2 |  2.3
Poison Magic   | 2 |  2.2
Spellcasting   | 3 4 6 8 |  8.2
Fighting       | 2 4 6 8 10 | 10.7
Evocations     | 3 4 |  4.0
Translocations | 4 |  4.0

Action                   |  1- 3 |  4- 6 |  7- 9 | 10-12 | 13-15 || total
-------------------------+-------+-------+-------+-------+-------++-------
Melee: Unarmed           |   108 |   269 |   238 |   434 |   974 ||  2023
       Bite              |     6 |    20 |    23 |    28 |    57 ||   134
       Punch             |       |     6 |     5 |    10 |    45 ||    66
 Cast: Corona            |     6 |     4 |     4 |    17 |    34 ||    65
       Ensorcelled Hiber |    14 |    21 |    68 |   218 |   380 ||   701
       Confuse           |       |    29 |    36 |    54 |   166 ||   285
       Dazzling Spray    |       |       |     2 |     2 |    34 ||    38
       Mephitic Cloud    |       |       |       |       |     8 ||     8
       Invisibility      |       |       |       |       |     3 ||     3
       Blink             |       |       |       |       |     1 ||     1
Evoke: Wand              |       |       |       |     1 |    12 ||    13
       Fan of gales      |       |       |       |     1 |       ||     1
       Phial of floods   |       |       |       |       |     1 ||     1
  Use: Scroll            |       |    11 |     4 |     4 |    10 ||    29
       Potion            |       |       |       |       |     1 ||     1
 Stab: Sleeping          |    19 |    36 |    56 |   170 |   212 ||   493
       Confused          |       |    17 |    20 |    29 |    92 ||   158
       Distracted        |       |       |     1 |     3 |     5 ||     9
       Invisible         |       |       |       |       |    10 ||    10
  Eat: Chunk             |    11 |     6 |    29 |    28 |    44 ||   118
Armor: Skin              |    10 |    12 |     4 |    27 |    38 ||    91
Dodge: Dodged            |   107 |   144 |   167 |   234 |   567 ||  1219
Block: Other             |       |       |       |    63 |   215 ||   278
       Reflection        |       |       |       |     6 |    10 ||    16
